TOP OF THE 1ST |
Oklahoma State University Cowboys batting - Pitching for University of Michigan Wolverines : RHP Danny Arroyo
|
Pitching: RHP Danny Arroyo
|
|
Batting: RHB Simon Gravitt
|
0-0: Foul Ball, location: 2F 0-1: Ball 1-1: Foul Ball, location: 2F 1-2: Ball 2-2: Strikes out swinging
|
Batting: RHB Jon Guzman
|
0-0: Foul Ball, location: 2F 0-1: Ground out 6-3 (Groundball, 6, EV 76.9 MPH)
|
Batting: LHB Kyle David
|
0-0: Ground out 4-3 (Groundball, 4, EV 103.8 MPH)
|
Top of the 1st over - 0 runs, 0 hits, 0 errors, 0 left on base; Oklahoma State University 0 - University of Michigan 0 |
BOTTOM OF THE 1ST |
University of Michigan Wolverines batting - Pitching for Oklahoma State University Cowboys : RHP Ryan Bethune
|
Pitching: RHP Ryan Bethune
|
|
Batting: RHB Gerard Gordijn
|
0-0: Ball 1-0: Ball 2-0: Called Strike 2-1: Ball 3-1: Fly out, F3 (Line Drive, 34, EV 61.2 MPH)
|
Batting: RHB Wendell Sarkies
|
0-0: Ball 1-0: Foul Ball, location: 2F 1-1: DOUBLE (Flyball, 89D, EV 95.0 MPH)
|
Batting: RHB Walter Fisher
|
0-0: Ball 1-0: Ball 2-0: Called Strike 2-1: Fly out, F3 (Popup, 3F, EV 77.5 MPH)
|
Batting: RHB Mike Harden
|
0-0: Called Strike 0-1: Ball 1-1: SINGLE (Line Drive, 3D, EV 98.1 MPH) Wendell Sarkies to third Runner from 3rd tries for Home, SAFE, throw by RF to home Mike Harden to second
|
Batting: LHB Dakota Kaempf
|
0-0: Ball 1-0: Called Strike 1-1: Swinging Strike 1-2: Ball 2-2: Ball 3-2: Strikes out swinging
|
Bottom of the 1st over - 1 run, 2 hits, 0 errors, 1 left on base; Oklahoma State University 0 - University of Michigan 1 |
TOP OF THE 2ND |
Oklahoma State University Cowboys batting - Pitching for University of Michigan Wolverines : RHP Danny Arroyo
|
Batting: LHB Jeff Williams
|
0-0: Called Strike 0-1: Swinging Strike 0-2: Strikes out swinging
|
Batting: RHB Magnus Laursen
|
0-0: Swinging Strike 0-1: Ball 1-1: Ball 2-1: Ball 3-1: Foul Ball, location: 2F 3-2: Strikes out swinging
|
Batting: LHB Cory Rohr
|
0-0: Ball 1-0: Ball 2-0: Called Strike 2-1: Ball 3-1: Foul Ball, location: 2F 3-2: Ground out 5-3 (Groundball, 56, EV 92.5 MPH)
|
Top of the 2nd over - 0 runs, 0 hits, 0 errors, 0 left on base; Oklahoma State University 0 - University of Michigan 1 |
BOTTOM OF THE 2ND |
University of Michigan Wolverines batting - Pitching for Oklahoma State University Cowboys : RHP Ryan Bethune
|
Batting: RHB Angus Shanahan
|
0-0: Called Strike 0-1: Ball 1-1: Swinging Strike 1-2: Ball 2-2: Strikes out swinging
|
Batting: SHB Elvis Hoying
|
0-0: Ball 1-0: Foul Ball, location: 2F 1-1: Foul Ball, location: 2F 1-2: Ground out 1-3 (Groundball, P, EV 71.9 MPH)
|
Batting: RHB Remie Braakman
|
0-0: Ball 1-0: Foul Ball, location: 2F 1-1: Called Strike 1-2: Ball 2-2: Strikes out looking
|
Bottom of the 2nd over - 0 runs, 0 hits, 0 errors, 0 left on base; Oklahoma State University 0 - University of Michigan 1 |
TOP OF THE 3RD |
Oklahoma State University Cowboys batting - Pitching for University of Michigan Wolverines : RHP Danny Arroyo
|
Batting: LHB Steve Kimbler
|
0-0: Foul Ball, location: 2F 0-1: Ball 1-1: Called Strike 1-2: Ball 2-2: Strikes out swinging
|
Batting: RHB Bill Tremblett
|
0-0: Swinging Strike 0-1: Ball 1-1: Fly out, F7 (Flyball, 78D, EV 90.0 MPH)
|
Batting: RHB Frederik Koster
|
0-0: Swinging Strike 0-1: Foul Ball, location: 2F 0-2: SINGLE (Groundball, 56D, EV 93.8 MPH)
|
Batting: RHB Simon Gravitt
|
0-0: Ball 1-0: SINGLE (Groundball, 6D, EV 95.6 MPH) Frederik Koster to second
|
Batting: RHB Jon Guzman
|
0-0: Called Strike 0-1: Foul Ball, location: 2F 0-2: Ball 1-2: Ball 2-2: Foul Ball, location: 2F 2-2: Ball 3-2: Strikes out swinging
|
Top of the 3rd over - 0 runs, 2 hits, 0 errors, 2 left on base; Oklahoma State University 0 - University of Michigan 1 |
BOTTOM OF THE 3RD |
University of Michigan Wolverines batting - Pitching for Oklahoma State University Cowboys : RHP Ryan Bethune
|
Batting: LHB Murdock Cranton
|
0-0: Ball 1-0: Fly out, F8 (Flyball, 8RD, EV 99.4 MPH)
|
Batting: RHB Gerard Gordijn
|
0-0: Fly out, F8 (Flyball, 8LS, EV 90.6 MPH)
|
Batting: RHB Wendell Sarkies
|
0-0: Ball 1-0: Ball 2-0: Fly out, F9 (Flyball, 9LS, EV 83.8 MPH)
|
Bottom of the 3rd over - 0 runs, 0 hits, 0 errors, 0 left on base; Oklahoma State University 0 - University of Michigan 1 |
TOP OF THE 4TH |
Oklahoma State University Cowboys batting - Pitching for University of Michigan Wolverines : RHP Danny Arroyo
|
Batting: LHB Kyle David
|
0-0: Swinging Strike 0-1: Ball 1-1: Foul Ball, location: 2F 1-2: Ground out 6-3 (Groundball, 6, EV 100.0 MPH)
|
Batting: LHB Jeff Williams
|
0-0: Ball 1-0: Foul Ball, location: 2F 1-1: Swinging Strike 1-2: Foul Ball, location: 2F 1-2: Ball 2-2: Foul Ball, location: 2F 2-2: Ball 3-2: Fly out, F8 (Flyball, 8LS, EV 86.9 MPH)
|
Batting: RHB Magnus Laursen
|
0-0: Called Strike 0-1: Ball 1-1: Ball 2-1: Ball 3-1: Called Strike 3-2: Foul Ball, location: 2F 3-2: Base on Balls
|
Batting: LHB Cory Rohr
|
0-0: Foul Ball, location: 2F 0-1: Ball 1-1: Swinging Strike 1-2: SINGLE (Groundball, 6MD, EV 105.0 MPH) Magnus Laursen to second Runner from 2nd tries for 3rd, SAFE, no throw by CF
|
Batting: LHB Steve Kimbler
|
0-0: Called Strike 0-1: Ball 1-1: Fly out, F9 (Flyball, 9LM, EV 75.6 MPH)
|
Top of the 4th over - 0 runs, 1 hit, 0 errors, 2 left on base; Oklahoma State University 0 - University of Michigan 1 |
BOTTOM OF THE 4TH |
University of Michigan Wolverines batting - Pitching for Oklahoma State University Cowboys : RHP Ryan Bethune
|
Batting: RHB Walter Fisher
|
0-0: Ball 1-0: Ball 2-0: Fly out, F7 (Flyball, 7, EV 87.5 MPH)
|
Batting: RHB Mike Harden
|
0-0: Called Strike 0-1: Called Strike 0-2: Ground out 5-3 (Groundball, 56S, EV 65.6 MPH)
|
Batting: LHB Dakota Kaempf
|
0-0: Ball 1-0: Foul Ball, location: 2F 1-1: Ground out 4-3 (Groundball, 4, EV 81.2 MPH)
|
Bottom of the 4th over - 0 runs, 0 hits, 0 errors, 0 left on base; Oklahoma State University 0 - University of Michigan 1 |
TOP OF THE 5TH |
Oklahoma State University Cowboys batting - Pitching for University of Michigan Wolverines : RHP Danny Arroyo
|
Batting: RHB Bill Tremblett
|
0-0: Ball 1-0: Ball 2-0: Called Strike 2-1: Ball 3-1: Foul Ball, location: 2F 3-2: Ground out 6-3 (Groundball, 6, EV 86.2 MPH)
|
Batting: RHB Frederik Koster
|
0-0: Called Strike 0-1: Swinging Strike 0-2: Ground out 5-3 (Groundball, 5, EV 105.6 MPH)
|
Batting: RHB Simon Gravitt
|
0-0: Fly out, F8 (Flyball, 78S, EV 82.5 MPH)
|
Top of the 5th over - 0 runs, 0 hits, 0 errors, 0 left on base; Oklahoma State University 0 - University of Michigan 1 |
BOTTOM OF THE 5TH |
University of Michigan Wolverines batting - Pitching for Oklahoma State University Cowboys : RHP Ryan Bethune
|
Batting: RHB Angus Shanahan
|
0-0: Foul Ball, location: 2F 0-1: Ball 1-1: Ball 2-1: Called Strike 2-2: Strikes out swinging
|
Batting: SHB Elvis Hoying
|
0-0: Called Strike 0-1: Ground out 4-3 (Groundball, 4, EV 91.9 MPH)
|
Batting: RHB Remie Braakman
|
0-0: Ball 1-0: Called Strike 1-1: Ball 2-1: Ball 3-1: Foul Ball, location: 2F 3-2: Strikes out swinging
|
Bottom of the 5th over - 0 runs, 0 hits, 0 errors, 0 left on base; Oklahoma State University 0 - University of Michigan 1 |
TOP OF THE 6TH |
Oklahoma State University Cowboys batting - Pitching for University of Michigan Wolverines : RHP Danny Arroyo
|
Batting: RHB Jon Guzman
|
0-0: Ball 1-0: Ball 2-0: Ball 3-0: Called Strike 3-1: Base on Balls
|
Batting: LHB Kyle David
|
0-0: Ball 1-0: Called Strike 1-1: Foul Ball, location: 2F 1-2: Foul Ball, location: 2F 1-2: Grounds into double play, 4-6-3 (Groundball, 4, EV 79.4 MPH)
|
Batting: LHB Jeff Williams
|
0-0: Fly out, F8 (Flyball, 78M, EV 78.8 MPH)
|
Top of the 6th over - 0 runs, 0 hits, 0 errors, 0 left on base; Oklahoma State University 0 - University of Michigan 1 |
BOTTOM OF THE 6TH |
University of Michigan Wolverines batting - Pitching for Oklahoma State University Cowboys : RHP Ryan Bethune
|
Batting: LHB Murdock Cranton
|
0-0: SINGLE (Line Drive, 6D, EV 107.5 MPH)
|
Batting: RHB Gerard Gordijn
|
0-0: Ball 1-0: Sac Bunt to 5S - play at first, batter OUT! 5-4 Murdock Cranton to second
|
Batting: RHB Wendell Sarkies
|
0-0: Foul Ball, location: 2F 0-1: Swinging Strike 0-2: Strikes out swinging
|
Batting: RHB Walter Fisher
|
0-0: Ball 1-0: Foul Ball, location: 2F 1-1: Swinging Strike 1-2: Ball 2-2: Ground out 5-3 (Groundball, 5S, EV 83.8 MPH)
|
Bottom of the 6th over - 0 runs, 1 hit, 0 errors, 1 left on base; Oklahoma State University 0 - University of Michigan 1 |
TOP OF THE 7TH |
Oklahoma State University Cowboys batting - Pitching for University of Michigan Wolverines : RHP Danny Arroyo
|
Pitching: RHP Dave Bressler
|
|
Batting: RHB Magnus Laursen
|
0-0: Foul Ball, location: 2F 0-1: Ball 1-1: Ball 2-1: Ball 3-1: Base on Balls
|
Pitching: LHP Danny Warner
|
|
Batting: LHB Cory Rohr
|
0-0: Foul Ball, location: 2F 0-1: Foul Ball, location: 2F 0-2: Ball 1-2: Ball 2-2: Strikes out looking
|
Batting: LHB Steve Kimbler
|
0-0: Called Strike 0-1: Foul Ball, location: 2F 0-2: Fielders Choice at 2nd, 4-6 (Groundball, 4D, EV 107.5 MPH)
|
Pitching: LHP Kunikazu Ishida
|
|
Batting: RHB Bill Tremblett
|
0-0: Ball 1-0: SINGLE (Groundball, 6M, EV 98.1 MPH) (infield hit) Steve Kimbler to second
|
Batting: RHB Frederik Koster
|
0-0: Called Strike 0-1: Ball 1-1: Ball 2-1: Ball 3-1: Base on Balls Steve Kimbler to third Bill Tremblett to second
|
Batting: RHB Simon Gravitt
|
0-0: Ball 1-0: SINGLE (Groundball, 6S, EV 65.0 MPH) (infield hit) Steve Kimbler scores Bill Tremblett to third Frederik Koster to second
|
Batting: RHB Jon Guzman
|
0-0: Called Strike 0-1: Ball 1-1: Ball 2-1: Ball 3-1: Base on Balls Bill Tremblett scores Frederik Koster to third Simon Gravitt to second
|
Batting: LHB Kyle David
|
0-0: Called Strike 0-1: Ball 1-1: Foul Ball, location: 2F 1-2: Foul Ball, location: 2F 1-2: Ball 2-2: Foul Ball, location: 2F 2-2: Ball Wild Pitch! Frederik Koster scores Simon Gravitt to third Jon Guzman to second 3-2: Base on Balls
|
Batting: LHB Jeff Williams
|
0-0: Called Strike 0-1: SINGLE (Line Drive, 8LS, EV 102.5 MPH) Simon Gravitt scores Jon Guzman to third Kyle David to second Runner from 3rd tries for Home, SAFE, throw by CF to home
|
Pitching: RHP Dave Catano
|
|
Batting: RHB Magnus Laursen
|
0-0: Foul Ball, location: 2F 0-1: Ball 1-1: Fly out, F8 (Flyball, 8RD, EV 101.9 MPH)
|
Top of the 7th over - 5 runs, 3 hits, 0 errors, 2 left on base; Oklahoma State University 5 - University of Michigan 1 |
BOTTOM OF THE 7TH |
University of Michigan Wolverines batting - Pitching for Oklahoma State University Cowboys : RHP Ryan Bethune
|
Batting: RHB Mike Harden
|
0-0: Ball 1-0: Swinging Strike 1-1: Called Strike 1-2: Strikes out swinging
|
Batting: LHB Dakota Kaempf
|
0-0: Called Strike 0-1: Swinging Strike 0-2: Ball 1-2: Ball 2-2: Foul Ball, location: 2F 2-2: Ball 3-2: Fly out, F8 (Line Drive, 8LM, EV 87.5 MPH)
|
Batting: RHB Angus Shanahan
|
0-0: Foul Ball, location: 2F 0-1: Fly out, F5 (Line Drive, 5L, EV 69.4 MPH)
|
Bottom of the 7th over - 0 runs, 0 hits, 0 errors, 0 left on base; Oklahoma State University 5 - University of Michigan 1 |
TOP OF THE 8TH |
Oklahoma State University Cowboys batting - Pitching for University of Michigan Wolverines : RHP Dave Catano
|
Pitching: RHP Leon DeSanctis
|
|
Batting: LHB Cory Rohr
|
0-0: Foul Ball, location: 2F 0-1: Ground out 6-3 (Groundball, 6M, EV 100.0 MPH)
|
Batting: LHB Steve Kimbler
|
0-0: Foul Ball, location: 2F 0-1: Swinging Strike 0-2: Ball 1-2: Fly out, F9 (Line Drive, 89M, EV 90.6 MPH)
|
Batting: RHB Bill Tremblett
|
0-0: Called Strike 0-1: Fly out, F9 (Flyball, 89M, EV 83.1 MPH)
|
Top of the 8th over - 0 runs, 0 hits, 0 errors, 0 left on base; Oklahoma State University 5 - University of Michigan 1 |
BOTTOM OF THE 8TH |
University of Michigan Wolverines batting - Pitching for Oklahoma State University Cowboys : RHP Ryan Bethune
|
Pitching: LHP Julian Judge
|
|
Batting: SHB Elvis Hoying
|
0-0: Swinging Strike 0-1: Swinging Strike 0-2: Ball 1-2: Foul Ball, location: 2F 1-2: Ball 2-2: Foul Ball, location: 2F 2-2: Strikes out swinging
|
Batting: RHB Remie Braakman
|
0-0: Ball 1-0: Foul Ball, location: 2F 1-1: Called Strike 1-2: Strikes out swinging
|
Pinch Hitting: RHB Cesar Rubio
|
0-0: Ground out 6-3 (Groundball, 4M, EV 88.8 MPH)
|
Bottom of the 8th over - 0 runs, 0 hits, 0 errors, 0 left on base; Oklahoma State University 5 - University of Michigan 1 |
TOP OF THE 9TH |
Oklahoma State University Cowboys batting - Pitching for University of Michigan Wolverines : RHP Leon DeSanctis
|
Pitching: RHP Wendell Thomsen
|
|
Now at 1B: Lance Sabo
|
|
Batting: RHB Frederik Koster
|
0-0: Ball 1-0: Ground out 6-3 (Groundball, 6, EV 103.1 MPH)
|
Batting: RHB Simon Gravitt
|
0-0: Fly out, F8 (Flyball, 8RD, EV 91.2 MPH)
|
Batting: RHB Jon Guzman
|
0-0: Foul Ball, location: 2F 0-1: Ball 1-1: Ball 2-1: Called Strike 2-2: Strikes out looking
|
Top of the 9th over - 0 runs, 0 hits, 0 errors, 0 left on base; Oklahoma State University 5 - University of Michigan 1 |
BOTTOM OF THE 9TH |
University of Michigan Wolverines batting - Pitching for Oklahoma State University Cowboys : LHP Julian Judge
|
Batting: RHB Gerard Gordijn
|
0-0: Ball 1-0: Ball 2-0: Foul Ball, location: 2F 2-1: Ball 3-1: SINGLE (Line Drive, 6D, EV 97.5 MPH)
|
Batting: RHB Wendell Sarkies
|
0-0: Fly out, F4 (Line Drive, 4, EV 67.5 MPH) Lined into DP, 4-3 (Line Drive, 4, EV 66.2 MPH)
|
Batting: RHB Walter Fisher
|
0-0: Ball 1-0: Fly out, F7 (Flyball, 7LM, EV 91.2 MPH)
|
Bottom of the 9th over - 0 runs, 1 hit, 0 errors, 0 left on base; Oklahoma State University 5 - University of Michigan 1 |
|